[Event "Titled Tuesday Blitz November 14 Late 2023"]
[White "Burke, Paul"]
[Black "Eggleston, Thomas A"]
[WhiteFideId "2605767"]
[BlackFideId "412139"]
[WhiteElo "1848"]
[BlackElo "2339"]
[Result "1-0"]
[Round "5"]
[TimeControl "180+1"]
[Date "2023.11.14"]
[WhiteClock "0:00:05"]
[BlackClock "0:00:00"]
[Board "136"]

1. e4 e6 2. d4 d5 3. e5 c5 4. Qg4 Qa5+ 5. c3 cxd4 6. Nf3 dxc3 7. bxc3 Nc6 8. Bd3 Bd7 9. O-O Nh6 10. Qg3 Qa4 11. h3 Nf5 12. Bxf5 exf5 13. Bf4 Be6 14. Nbd2 h6 15. h4 g6 16. Nb3 Be7 17. Nbd4 Nxd4 18. Nxd4 Qd7 19. a4 g5 20. hxg5 Rg8 21. Qd3 hxg5 22. Bd2 f4 23. Nb5 a6 24. Nd6+ Bxd6 25. exd6 Qxd6 26. Qd4 O-O-O 27. Rab1 Rd7 28. Rb6 Qc7 29. Rfb1 Qc4 30. Qe5 Qe4 31. Qf6 Qf5 32. Qd4 Rc7 33. a5 Rd8 34. Qb4 Rdd7 35. Bc1 Qf6 36. Qf8+ Qd8 37. Qb4 Rc6 38. Rxb7 1-0


[Site "https://www.chess.com"]

[Event "Titled Tuesday Blitz November 14 Late 2023"]
[White "Li, Hui"]
[Black "Perry, Patrick"]
[WhiteFideId "15400310"]
[BlackFideId "30917727"]
[WhiteElo "2323"]
[BlackElo "2250"]
[Result "1-0"]
[Round "5"]
[TimeControl "180+1"]
[Date "2023.11.14"]
[WhiteClock "0:00:20"]
[BlackClock "0:02:09"]
[Board "137"]

1. e4 c5 2. Nf3 e6 3. d4 cxd4 4. Nxd4 Nf6 5. Nc3 Bb4 6. e5 Nd5 7. Bd2 Nxc3 8. bxc3 Be7 9. Qg4 Kf8 10. Bd3 Nc6 11. f4 d6 12. Nxc6 bxc6 13. O-O g6 14. Kh1 Kg7 15. f5 exf5 16. Bxf5 dxe5 17. Be3 h5 18. Qg3 Bf6 19. Be4 Re8 20. Bxc6 Ba6 21. Rfd1 Qc7 22. Bxa8 Rxa8 23. Bg5 Bxg5 24. Qxg5 Qxc3 25. Re1 Re8 26. Qe3 Qc5 27. Qxc5 1-0


[Site "https://www.chess.com"]

[Event "Titled Tuesday Blitz November 14 Late 2023"]
[White "Feliz Dotel, Dewar Bienvenido"]
[Black "Quirke, Jeffrey"]
[WhiteFideId "6402801"]
[BlackFideId "2013029"]
[WhiteElo "2110"]
[BlackElo "2281"]
[Result "1-0"]
[Round "5"]
[TimeControl "180+1"]
[Date "2023.11.14"]
[WhiteClock "0:00:09"]
[BlackClock "0:00:00"]
[Board "138"]

1. d4 Nf6 2. e3 g6 3. Nf3 Bg7 4. Be2 O-O 5. b4 d6 6. Bb2 e5 7. c4 a5 8. a3 axb4 9. axb4 Rxa1 10. Bxa1 exd4 11. Bxd4 Nc6 12. b5 Nxd4 13. exd4 Ne4 14. O-O Re8 15. Bd3 d5 16. c5 Bf5 17. Qc2 g5 18. Nfd2 Nxd2 19. Nxd2 Bxd3 20. Qxd3 Qf6 21. Nf3 Re4 22. Ra1 g4 23. Ne5 Qf5 24. Ra8+ Bf8 25. h3 gxh3 26. Qg3+ Qg6 27. Nxg6 Re1+ 28. Kh2 hxg6 29. Qxc7 hxg2 30. Kxg2 Kg7 31. Qd8 1-0


[Site "https://www.chess.com"]

[Event "Titled Tuesday Blitz November 14 Late 2023"]
[White "katharinareinecke"]
[Black "Cardozo Munar, Carlos Eduardo"]
[BlackFideId "4409477"]
[WhiteElo "1951"]
[BlackElo "2278"]
[Result "1-0"]
[Round "5"]
[TimeControl "180+1"]
[Date "2023.11.14"]
[WhiteClock "0:00:11"]
[BlackClock "0:00:16"]
[Board "139"]

1. d4 d5 2. c4 e5 3. dxe5 d4 4. Nf3 Nc6 5. Bg5 Bb4+ 6. Nbd2 f6 7. exf6 Nxf6 8. a3 Be7 9. g3 O-O 10. Bg2 Bf5 11. O-O Qd7 12. e3 dxe3 13. Bxe3 Ng4 14. Bf4 Bd3 15. Re1 Rxf4 16. gxf4 Bc5 17. Ne4 Be7 18. Bf1 Rd8 19. Bxd3 Qxd3 20. Qxd3 Rxd3 21. Nfg5 h6 22. Ne6 Bh4 23. Rad1 Rh3 24. Rd7 Nxh2 25. Rxg7+ Kh8 26. Ng3 Nf3+ 27. Kf1 Nxe1 28. Kxe1 Nd4 29. Rxc7 Nxe6 30. Rxb7 Nxf4 31. Rxa7 Rh2 32. b4 Nd3+ 33. Kd2 Nxf2 34. Kc3 Bxg3 35. c5 Ne4+ 36. Kd4 Nf6 37. Kc4 h5 38. Kb5 h4 39. c6 h3 40. c7 Rc2 41. Ra8+ Kg7 42. c8=Q Rxc8 43. Rxc8 h2 44. Rc1 Nd5 45. a4 Nf4 46. a5 Nd3 47. Rh1 Nf2 48. Rxh2 Bxh2 49. a6 Kf6 50. a7 Ne4 51. a8=Q Be5 52. Qxe4 Bd6 53. Kc6 Be7 54. b5 Bd6 55. b6 Bb8 56. b7 Bg3 57. Qd4+ Ke6 58. Qe3+ Be5 59. Qxe5+ Kxe5 60. b8=Q+ Kd4 61. Qd6+ Kc3 62. Qd5 Kb4 63. Qc5+ Kb3 64. Kb5 Kb2 65. Qc4 Ka3 66. Qb4+ Ka2 67. Kc4 Ka1 68. Kc3 Ka2 69. Qb2# 1-0


[Site "https://www.chess.com"]

[Event "Titled Tuesday Blitz November 14 Late 2023"]
[White "MathiasCasalaspro"]
[Black "Smirnov, Timofey"]
[BlackFideId "24176427"]
[WhiteElo "2473"]
[BlackElo "2099"]
[Result "1-0"]
[Round "5"]
[TimeControl "180+1"]
[Date "2023.11.14"]
[WhiteClock "0:01:09"]
[BlackClock "0:00:01"]
[Board "140"]

1. Nf3 d5 2. g3 Bf5 3. Bg2 e6 4. d3 Nf6 5. O-O Be7 6. Nbd2 h6 7. Re1 O-O 8. e4 dxe4 9. dxe4 Bh7 10. e5 Nd5 11. c3 c6 12. Ne4 Nd7 13. c4 N5b6 14. b3 Bb4 15. Bd2 a5 16. a3 Bxd2 17. Qxd2 Re8 18. Nd6 Re7 19. Rac1 Qc7 20. Qe3 Rd8 21. Red1 Nf8 22. Nd4 Red7 23. b4 axb4 24. axb4 c5 25. N4b5 Qb8 26. bxc5 Nc8 27. Be4 Ng6 28. f4 Nge7 29. Bxh7+ Kxh7 30. Qe4+ g6 31. Rb1 Nc6 32. Nd4 N8e7 33. Nxc6 Nxc6 34. Rb6 Qa7 35. Rdb1 Qa2 36. Rxb7 Rxb7 37. Rxb7 Qa1+ 38. Kg2 Qa2+ 39. Kh3 Na5 40. Rxf7+ Kg8 41. Qxg6+ Kh8 42. Qg7# 1-0


[Site "https://www.chess.com"]

[Event "Titled Tuesday Blitz November 14 Late 2023"]
[White "Dahlgren, James Allen"]
[Black "Minina, Veronika"]
[WhiteFideId "22256873"]
[BlackFideId "4174780"]
[WhiteElo "2136"]
[BlackElo "2278"]
[Result "1/2-1/2"]
[Round "5"]
[TimeControl "180+1"]
[Date "2023.11.14"]
[WhiteClock "0:00:18"]
[BlackClock "0:00:19"]
[Board "142"]

1. d3 Nf6 2. f4 g6 3. Nf3 Bg7 4. g3 d6 5. Bg2 O-O 6. O-O c5 7. c4 Nc6 8. Nc3 a6 9. e4 Rb8 10. h3 b5 11. Bd2 bxc4 12. dxc4 Rxb2 13. Rc1 Be6 14. Nd5 Rxa2 15. Qb3 Rxd2 16. Nxd2 Nd4 17. Qd3 Bd7 18. Nf3 Nxd5 19. cxd5 Bb5 20. Qe3 Bxf1 21. Bxf1 a5 22. Bc4 a4 23. Kg2 Qa5 24. e5 Nxf3 25. Kxf3 dxe5 26. fxe5 a3 27. Ra1 Rb8 28. Rxa3 Qc7 29. d6 exd6 30. exd6 Qxd6 31. Ra7 Qf6+ 32. Qf4 Rf8 33. Qxf6 Bxf6 34. Ke4 Bd4 35. h4 Kg7 36. h5 Kf6 37. hxg6 hxg6 38. Kf4 g5+ 39. Kg4 Kg6 40. Ra6+ f6 41. Bd3+ Kg7 42. Ra7+ Rf7 43. Rxf7+ Kxf7 44. Bc4+ Ke7 45. Kf5 Be5 46. g4 Bf4 47. Ke4 Kd6 48. Kd3 Ke5 49. Bb5 Bh2 50. Bd7 Bg1 51. Kc4 Kf4 52. Bf5 Ke3 53. Bc8 Kf4 54. Bf5 Bd4 55. Bc8 Ke3 56. Bf5 Kd2 57. Bc8 Ke3 58. Bf5 Kf4 59. Bc8 Ke5 60. Bf5 Kf4 1/2-1/2


[Site "https://www.chess.com"]

[Event "Titled Tuesday Blitz November 14 Late 2023"]
[White "Senft, Sean"]
[Black "Michalski, Olaf"]
[WhiteFideId "2044960"]
[BlackFideId "1106740"]
[WhiteElo "2263"]
[BlackElo "2122"]
[Result "0-1"]
[Round "5"]
[TimeControl "180+1"]
[Date "2023.11.14"]
[WhiteClock "0:00:49"]
[BlackClock "0:00:22"]
[Board "143"]

1. d4 d6 2. c4 g6 3. Nc3 Bg7 4. e4 Nc6 5. d5 Nd4 6. Bd3 e5 7. Nge2 c5 8. O-O f5 9. Nxd4 cxd4 10. Nb5 fxe4 11. Bxe4 Nf6 12. Bg5 a6 13. Na3 O-O 14. f3 h6 15. Bxf6 Qxf6 16. Qd3 Bf5 17. Rae1 Rac8 18. b4 b6 19. c5 bxc5 20. bxc5 Rxc5 21. Nc4 h5 22. Rb1 Bh6 23. Rb7 Bxe4 24. Qxe4 Rxc4 25. Rfb1 Rf7 26. Rb8+ Kg7 27. Ra8 Qf4 28. Qxf4 Bxf4 29. Rbb8 Be3+ 30. Kf1 d3 0-1


[Site "https://www.chess.com"]

[Event "Titled Tuesday Blitz November 14 Late 2023"]
[White "Oliveira, Tiago Batista"]
[Black "Benaddi, Mouhcine"]
[WhiteFideId "2108291"]
[BlackFideId "9001050"]
[WhiteElo "2069"]
[BlackElo "2217"]
[Result "0-1"]
[Round "5"]
[TimeControl "180+1"]
[Date "2023.11.14"]
[WhiteClock "0:00:00"]
[BlackClock "0:00:30"]
[Board "144"]

1. d4 d5 2. c4 Nf6 3. g3 dxc4 4. Nf3 c5 5. Bg2 Nc6 6. O-O cxd4 7. Qa4 Be6 8. Nxd4 Qxd4 9. Bxc6+ Bd7 10. Bxd7+ Qxd7 11. Qxc4 Rc8 12. Qb3 e6 13. Rd1 Qc6 14. Nc3 Bc5 15. Na4 Bd6 16. Rxd6 Qxd6 17. Bf4 Qd5 18. Qa3 b5 19. Nc3 Qc5 20. Qa6 e5 21. Bxe5 Ng4 22. Ne4 Qc6 23. Nd6+ Kd7 24. Nxc8 Qxa6 25. Rd1+ Kxc8 26. Rc1+ Kd7 27. Bf4 Rc8 28. Rd1+ Ke6 29. h3 Nf6 30. g4 Nd5 0-1


[Site "https://www.chess.com"]

[Event "Titled Tuesday Blitz November 14 Late 2023"]
[White "Elbebiber"]
[Black "Ghosh, Chanchal Kumer"]
[BlackFideId "10201858"]
[WhiteElo "2051"]
[BlackElo "2167"]
[Result "1-0"]
[Round "5"]
[TimeControl "180+1"]
[Date "2023.11.14"]
[WhiteClock "0:00:12"]
[BlackClock "0:00:00"]
[Board "145"]

1. d4 d5 2. Bg5 h6 3. Bh4 c5 4. dxc5 Qa5+ 5. Nc3 e6 6. e4 Bxc5 7. exd5 Bb4 8. Bd3 exd5 9. Kf1 Bxc3 10. bxc3 Qxc3 11. Ne2 Qa5 12. Nd4 Nc6 13. Nxc6 bxc6 14. Qe2+ Be6 15. Rb1 Ne7 16. Bxe7 Kxe7 17. g3 Qc7 18. Kg2 Rab8 19. Rbd1 Rhd8 20. Rhe1 Kf8 21. Qe3 Kg8 22. Qd4 Re8 23. Qa4 Qd7 24. Re3 Bh3+ 25. Kg1 Rxe3 26. fxe3 Re8 27. Qf4 Qe6 28. Rf1 Bg4 29. Re1 Bh5 30. Bf1 Bg6 31. Bh3 Be4 32. Bxe6 Rxe6 33. Rf1 Bg6 34. Qb8+ Kh7 35. Qxa7 1-0


[Site "https://www.chess.com"]

[Event "Titled Tuesday Blitz November 14 Late 2023"]
[White "Desideri, Ricardo Maruchi"]
[Black "Curtis, John"]
[WhiteFideId "2110440"]
[BlackFideId "3200256"]
[WhiteElo "1975"]
[BlackElo "2167"]
[Result "1-0"]
[Round "5"]
[TimeControl "180+1"]
[Date "2023.11.14"]
[WhiteClock "0:00:48"]
[BlackClock "0:01:55"]
[Board "146"]

1. e4 e6 2. d4 d5 3. e5 c5 4. c3 Bd7 5. Nf3 Qb6 6. a3 Bb5 7. c4 Bxc4 8. Bxc4 dxc4 9. Qa4+ Qc6 10. Qxc4 cxd4 11. Qxd4 Bc5 12. Qc3 Ne7 13. O-O Nd5 14. Qc2 Bb6 15. Nc3 Nxc3 16. bxc3 h6 17. a4 Ba5 18. Ba3 Qxc3 19. Qxc3 Bxc3 20. Rac1 Ba5 21. Rc8+ Bd8 22. Rd1 Nc6 23. Rxa8 f6 24. exf6 gxf6 25. Nd4 Nxd4 26. Rxd4 e5 27. Rdxd8+ Kf7 28. Rxh8 1-0


[Site "https://www.chess.com"]

[Event "Titled Tuesday Blitz November 14 Late 2023"]
[White "Mariia89"]
[Black "Gyulamiryan-koryun"]
[WhiteElo "2163"]
[BlackElo "1871"]
[Result "0-1"]
[Round "5"]
[TimeControl "180+1"]
[Date "2023.11.14"]
[WhiteClock "0:00:00"]
[BlackClock "0:01:16"]
[Board "147"]

1. d4 Nf6 2. Nf3 g6 3. c4 c5 4. Nc3 cxd4 5. Nxd4 Bg7 6. e4 d6 7. f3 O-O 8. Be3 Nc6 9. Be2 Qa5 10. O-O Qb4 11. Rb1 Ne5 12. a3 Qa5 13. Qc1 Rd8 14. b4 Qc7 15. Ncb5 Qb8 16. Nc2 Be6 17. Ne1 Rc8 18. c5 a6 19. Nd4 Bd7 20. Nb3 Bb5 21. Qd2 Nc4 22. Bxc4 Bxc4 23. cxd6 Bxf1 24. Kxf1 Qxd6 25. Qe2 Nd7 26. Rd1 Qe6 27. Nd3 Qxb3 28. Nf4 Ne5 29. Nd5 Rc2 0-1


[Site "https://www.chess.com"]

[Event "Titled Tuesday Blitz November 14 Late 2023"]
[White "Erigaisi Arjun"]
[Black "Maghsoodloo, Parham"]
[WhiteFideId "35009192"]
[BlackFideId "12539929"]
[WhiteElo "3046"]
[BlackElo "2981"]
[Result "1-0"]
[Round "6"]
[TimeControl "180+1"]
[Date "2023.11.14"]
[WhiteClock "0:00:05"]
[BlackClock "0:00:04"]
[Board "1"]

1. Nf3 d5 2. e3 Nf6 3. c4 e6 4. Nc3 Bd6 5. b3 O-O 6. Bb2 Nc6 7. d4 dxc4 8. Bxc4 e5 9. dxe5 Nxe5 10. Be2 c6 11. Qc2 Qe7 12. O-O-O Rd8 13. Kb1 Bg4 14. Nd4 Bxe2 15. Nf5 Qe8 16. Nxe2 Bc7 17. Ned4 h5 18. h3 g6 19. Nb5 cxb5 20. Qxc7 gxf5 21. Qxe5 Qxe5 22. Bxe5 Ne4 23. f3 Nf2 24. Rxd8+ Rxd8 25. Rc1 Nd3 26. Rd1 Rd5 27. Bd4 Nb4 28. Kb2 Nc6 29. Kc3 f6 30. b4 Kf7 31. Rd2 Ke6 32. a3 b6 33. Kc2 f4 34. Bc3 fxe3 35. Re2 Kf5 36. Rxe3 Nd4+ 37. Kb2 Nc6 38. Re4 a5 39. g4+ hxg4 40. hxg4+ Kg5 41. Re6 Ne5 42. Bxe5 fxe5 43. Rxb6 axb4 44. axb4 Kf4 45. Rf6+ Ke3 46. g5 e4 47. fxe4 Rxg5 48. Rf5 Rg2+ 49. Kc3 Kxe4 50. Rxb5 Rg1 51. Rh5 Rc1+ 52. Kb2 Rc8 53. b5 Kd4 54. Kb3 Rc1 55. Kb4 Ra1 56. b6 Rb1+ 57. Ka5 Ra1+ 58. Kb5 1-0


[Site "https://www.chess.com"]

[Event "Titled Tuesday Blitz November 14 Late 2023"]
[White "Troff, Kayden"]
[Black "Martinez Alcantara, Jose Eduardo"]
[WhiteFideId "2047896"]
[BlackFideId "3805662"]
[WhiteElo "2821"]
[BlackElo "3031"]
[Result "0-1"]
[Round "6"]
[TimeControl "180+1"]
[Date "2023.11.14"]
[WhiteClock "0:00:06"]
[BlackClock "0:00:04"]
[Board "2"]

1. d4 Nf6 2. Nf3 e6 3. Bf4 b6 4. e3 Bb7 5. Nbd2 g6 6. c3 Bg7 7. Bd3 O-O 8. h4 d6 9. h5 Nbd7 10. Ng5 e5 11. Bg3 Qe7 12. Bh4 Qe8 13. hxg6 hxg6 14. Qc2 c5 15. dxe5 Nxe5 16. Be2 Bxg2 17. Rg1 Bc6 18. O-O-O d5 19. f4 Ned7 20. f5 Ne5 21. Bg3 Nfd7 22. Bf4 Qe7 23. Ndf3 Rae8 24. Nh4 f6 25. Nxg6 Nxg6 26. Ne6 Nde5 27. Bxe5 Nxe5 28. Rxg7+ Qxg7 29. Nxg7 Kxg7 30. Bh5 Rh8 31. Qg2+ Kf8 32. Rg1 Re7 33. Bg6 d4 34. Qg3 d3 35. b3 c4 36. bxc4 Rd7 37. Rd1 Rh1 38. Rxh1 d2+ 39. Kd1 Bxh1 40. Bh5 Bc6 41. Qh4 Ba4+ 42. Ke2 d1=Q+ 43. Kf2 Rd2+ 44. Kg3 Qe1+ 45. Kf4 Qxh4+ 0-1


[Site "https://www.chess.com"]

[Event "Titled Tuesday Blitz November 14 Late 2023"]
[White "Khismatullin, Denis"]
[Black "Andreikin, Dmitry"]
[WhiteFideId "4142578"]
[BlackFideId "4158814"]
[WhiteElo "2959"]
[BlackElo "3129"]
[Result "1-0"]
[Round "6"]
[TimeControl "180+1"]
[Date "2023.11.14"]
[WhiteClock "0:00:04"]
[BlackClock "0:00:18"]
[Board "3"]

1. c4 e6 2. Nc3 d5 3. d4 Nf6 4. cxd5 exd5 5. Bg5 c6 6. e3 Bf5 7. Qb3 Qb6 8. Bxf6 gxf6 9. Kd2 Nd7 10. Nge2 Qa5 11. Nf4 Bd6 12. Bd3 Bg6 13. Rhe1 O-O 14. Qc2 Rfe8 15. g3 c5 16. Nxd5 cxd4 17. exd4 b5 18. a3 Kg7 19. b4 Qd8 20. Bxg6 hxg6 21. Nxb5 Rc8 22. Qd3 Bf8 23. Rxe8 Qxe8 24. Nxa7 Ra8 25. Nc7 Qd8 26. Nxa8 Qxa8 27. Nb5 Bxb4+ 28. Ke2 Nb6 29. Nc7 Qa4 30. axb4 Qxa1 31. Ne8+ Kf8 32. Nxf6 Qb2+ 33. Kf3 Qxb4 34. Qe4 Nc4 35. Kg2 Kg7 36. Ne8+ Kf8 37. Nc7 Kg7 38. d5 Qc5 39. Ne8+ Kf8 40. Nf6 Qb5 41. Qf4 Kg7 42. h4 Nb2 43. h5 Nd3 44. h6+ Kh8 45. Qe4 Nxf2 46. Qe7 Qb8 47. Qxf7 Qxg3+ 48. Kxg3 Ne4+ 49. Nxe4 g5 50. Qg7# 1-0


[Site "https://www.chess.com"]

[Event "Titled Tuesday Blitz November 14 Late 2023"]
[White "Nihal Sarin"]
[Black "Grischuk, Alexander"]
[WhiteFideId "25092340"]
[BlackFideId "4126025"]
[WhiteElo "3104"]
[BlackElo "2946"]
[Result "1/2-1/2"]
[Round "6"]
[TimeControl "180+1"]
[Date "2023.11.14"]
[WhiteClock "0:01:11"]
[BlackClock "0:00:47"]
[Board "4"]

1. Nf3 d5 2. e3 Nf6 3. c4 e6 4. b3 c5 5. Bb2 Nc6 6. cxd5 exd5 7. Bb5 Bd6 8. O-O O-O 9. d4 cxd4 10. Nxd4 Bc7 11. Nd2 Nxd4 12. Bxd4 Qd6 13. g3 Bh3 14. Re1 Ba5 15. a3 Bxd2 16. Qxd2 Ne4 17. Qb2 Qg6 18. Bf1 Bxf1 19. Rxf1 h5 20. Rac1 Rac8 21. h4 a6 22. Rxc8 Rxc8 23. Rc1 Rxc1+ 24. Qxc1 Qf5 25. Qb2 Qf3 26. Qc2 f6 27. Bc3 Kh7 28. Be1 Kh6 29. Qd3 Nc5 30. Qc2 Ne4 31. Qd3 Nc5 32. Qc2 Ne4 1/2-1/2


[Site "https://www.chess.com"]

[Event "Titled Tuesday Blitz November 14 Late 2023"]
[White "Naroditsky, Daniel"]
[Black "Chigaev, Maksim"]
[WhiteFideId "2026961"]
[BlackFideId "4108116"]
[WhiteElo "3103"]
[BlackElo "2935"]
[Result "1-0"]
[Round "6"]
[TimeControl "180+1"]
[Date "2023.11.14"]
[WhiteClock "0:00:04"]
[BlackClock "0:00:00"]
[Board "5"]

1. e4 e6 2. d4 d5 3. Nd2 c5 4. Ngf3 cxd4 5. Nxd4 Nf6 6. exd5 Qxd5 7. Nb5 Na6 8. Nc3 Qd6 9. Bb5+ Bd7 10. O-O Be7 11. Nc4 Qxd1 12. Rxd1 Rc8 13. Bxa6 bxa6 14. Nd6+ Bxd6 15. Rxd6 Rc6 16. Rxc6 Bxc6 17. Be3 Ne4 18. Nxe4 Bxe4 19. Bxa7 f6 20. Rd1 h5 21. f3 Bf5 22. Rd6 Kf7 23. c4 a5 24. Rd7+ Kg6 25. c5 e5 26. Rd6 a4 27. c6 h4 28. c7 Ra8 29. Bb6 Ra6 30. Kf2 Kf7 31. Bc5 Ra5 32. Bb4 Rb5 33. a3 Rb7 34. Rc6 Bc8 35. Ke3 Ke8 36. Rc5 Kd7 37. Ra5 Rxc7 38. Rxa4 Rc2 39. Ra7+ Ke6 40. Rxg7 f5 41. f4 e4 42. Kd4 Rf2 43. Ke3 Rf1 44. Rg6+ Kf7 45. Rh6 Be6 46. Rxh4 Rb1 47. Bc3 Rd1 48. Rh7+ Kg6 49. Rg7+ Kh6 50. Re7 Rd3+ 51. Kf2 Bc4 52. Re5 Kg6 53. h3 Rd1 54. g4 Rf1+ 55. Ke3 Rf3+ 56. Kd4 Bd3 57. Rxf5 Rxh3 58. Rg5+ Kh6 59. Re5 Rg3 60. g5+ Kg6 61. a4 Bc2 62. a5 Rd3+ 63. Kc5 Rf3 64. a6 Rxf4 65. a7 Rf8 66. Kb6 Bb3 67. Kb7 Rf7+ 68. Kb6 Rf8 69. Bb4 Rg8 70. Be7 Kh5 71. Rxe4 1-0


[Site "https://www.chess.com"]

[Event "Titled Tuesday Blitz November 14 Late 2023"]
[White "Tabatabaei, M. Amin"]
[Black "Bazeev, German"]
[WhiteFideId "12521213"]
[BlackFideId "24119350"]
[WhiteElo "3092"]
[BlackElo "2816"]
[Result "1/2-1/2"]
[Round "6"]
[TimeControl "180+1"]
[Date "2023.11.14"]
[WhiteClock "0:00:03"]
[BlackClock "0:00:15"]
[Board "6"]

1. e4 c5 2. Nf3 Nc6 3. Bb5 g6 4. Bxc6 dxc6 5. d3 Bg7 6. h3 Qc7 7. Nc3 h6 8. Be3 b6 9. a4 a5 10. O-O e5 11. Nd2 g5 12. Nc4 Be6 13. b3 Ne7 14. Ne2 g4 15. hxg4 Bxg4 16. f3 Be6 17. Qe1 O-O-O 18. Qh4 h5 19. Ng3 Ng6 20. Qh2 h4 21. Nf5 Bf6 22. Kf2 Bxf5 23. exf5 Nf4 24. Rae1 Rdg8 25. Bxf4 exf4 26. Re4 h3 27. gxh3 Rg3 28. Rh1 b5 29. Nd2 c4 30. bxc4 Rhg8 31. axb5 Qb6+ 32. Kf1 a4 33. Rxf4 Qe3 34. Rg4 Rxf3+ 35. Nxf3 Qxf3+ 36. Qf2 Qxh1+ 37. Ke2 Re8+ 38. Kd2 Qa1 39. d4 Qb2 40. Qg2 Qb4+ 41. Kd3 Qd6 42. c5 Qd5 43. Qxd5 cxd5 44. Rg1 Rh8 45. Rh1 Kc7 46. c3 Rb8 47. Rb1 Rh8 48. Rh1 Rb8 49. Rb1 Rh8 50. Rh1 1/2-1/2


[Site "https://www.chess.com"]

[Event "Titled Tuesday Blitz November 14 Late 2023"]
[White "Dragomirescu, Robin-Alexandru"]
[Black "Hakobyan, Aram"]
[WhiteFideId "1213849"]
[BlackFideId "13306677"]
[WhiteElo "2591"]
[BlackElo "3032"]
[Result "1-0"]
[Round "6"]
[TimeControl "180+1"]
[Date "2023.11.14"]
[WhiteClock "0:00:06"]
[BlackClock "0:00:00"]
[Board "7"]

1. b3 d5 2. Bb2 Nf6 3. e3 Bf5 4. Nf3 e6 5. c4 Be7 6. Nc3 O-O 7. d4 Nbd7 8. Bd3 Bg6 9. O-O c6 10. a3 Qb6 11. b4 Bxd3 12. Qxd3 Qa6 13. Nd2 Nb6 14. b5 dxc4 15. Nxc4 cxb5 16. Ne5 Nc4 17. Rfb1 Rfd8 18. Qe2 Rac8 19. a4 b4 20. Nb5 Nxe5 21. dxe5 Ne4 22. Bd4 b6 23. f3 Nc5 24. Rxb4 Qb7 25. Rb2 Qd7 26. g4 h6 27. Kg2 Rc6 28. Nc3 Rdc8 29. a5 Qd8 30. axb6 axb6 31. Ra7 R6c7 32. Nb5 Rxa7 33. Nxa7 Rc7 34. Nb5 Rd7 35. Qc4 g6 36. Ra2 Kg7 37. h3 Rd5 38. Ra7 Nd7 39. Qc7 Rxb5 40. Qxd8 Bxd8 41. Rxd7 Bh4 42. Rb7 Ra5 43. Rxb6 Ra2+ 44. Kg1 Rf2 45. f4 Rf3 46. Kg2 Rg3+ 47. Kh2 h5 48. g5 Rf3 49. Rb2 Rf1 50. Kg2 Re1 51. Bc5 Rc1 52. Be7 Rc8 53. Bf6+ Kg8 54. Re2 Rc1 55. Kf3 Rc8 56. Ke4 Rc1 57. Rb2 Rc8 58. Rb7 Bf2 59. Kf3 Be1 60. e4 Bc3 61. f5 exf5 62. exf5 gxf5 63. Kf4 Kf8 64. Kxf5 Bd2 65. g6 fxg6+ 66. Kxg6 Ke8 67. e6 Bf4 68. Re7+ Kf8 69. Rh7 1-0


[Site "https://www.chess.com"]

[Event "Titled Tuesday Blitz November 14 Late 2023"]
[White "MKlose11"]
[Black "Nakamura, Hikaru"]
[BlackFideId "2016192"]
[WhiteElo "2690"]
[BlackElo "3282"]
[Result "0-1"]
[Round "6"]
[TimeControl "180+1"]
[Date "2023.11.14"]
[WhiteClock "0:00:13"]
[BlackClock "0:01:13"]
[Board "8"]

1. e4 b6 2. d4 e6 3. Bd3 d5 4. e5 Ba6 5. Bxa6 Nxa6 6. Nf3 Qd7 7. O-O c5 8. c3 Ne7 9. Qe2 Nc7 10. Be3 Nf5 11. Nbd2 Qb5 12. Qxb5+ Nxb5 13. g4 Nxe3 14. fxe3 Be7 15. Kf2 a5 16. a4 Na7 17. c4 Nc6 18. Rfd1 O-O-O 19. Rac1 Kb7 20. Ke2 g5 21. cxd5 exd5 22. dxc5 h5 23. h3 bxc5 24. e4 hxg4 25. hxg4 Nd4+ 26. Nxd4 Rh2+ 27. Kf3 cxd4 28. exd5 Rxd5 29. Nc4 Ka6 30. Ke4 Rc5 31. Rxd4 Rf2 32. b3 Rc7 33. Rcd1 Rf4+ 34. Ke3 Bc5 35. Nd6 Re7 36. Nc4 Rxg4 37. Nxa5 Rxd4 38. Rxd4 Bxd4+ 0-1


[Site "https://www.chess.com"]

[Event "Titled Tuesday Blitz November 14 Late 2023"]
[White "Paravyan, David"]
[Black "Rastbod, Ali"]
[WhiteFideId "4194985"]
[BlackFideId "12567477"]
[WhiteElo "3020"]
[BlackElo "2782"]
[Result "1-0"]
[Round "6"]
[TimeControl "180+1"]
[Date "2023.11.14"]
[WhiteClock "0:00:08"]
[BlackClock "0:00:00"]
[Board "9"]

1. e4 e6 2. d4 d5 3. Nc3 Bb4 4. exd5 exd5 5. Bd3 Nc6 6. a3 Bxc3+ 7. bxc3 Nge7 8. Qh5 Be6 9. Ne2 Qd7 10. h3 Bf5 11. O-O O-O 12. Ng3 Bxd3 13. cxd3 f5 14. Ne2 Ng6 15. Nf4 Nce7 16. Re1 Nxf4 17. Bxf4 Ng6 18. Qf3 c6 19. Re3 Rae8 20. Rae1 Rxe3 21. Qxe3 Kf7 22. Be5 Kg8 23. g3 f4 24. Bxf4 Qxh3 25. Bd6 Rd8 26. Bb4 h6 27. a4 Kh7 28. Qe6 Qxe6 29. Rxe6 Rd7 30. a5 a6 31. f4 Nh8 32. Kf2 Nf7 33. Kf3 h5 34. Bc5 Nh6 35. Re5 g6 36. c4 Nf5 37. g4 hxg4+ 38. Kxg4 Kg7 39. Re8 Kf7 40. Rb8 Kg7 41. cxd5 cxd5 42. Rc8 Nh6+ 43. Kf3 Nf5 44. Kg4 Nh6+ 45. Kh4 Nf7 46. Bf8+ Kf6 47. Kg4 Ke6 48. Re8+ Kf6 49. Kf3 Kf5 50. Re1 g5 51. fxg5 Nxg5+ 52. Ke3 Rf7 53. Bc5 Ke6 54. Rb1 Kf5 55. Rb6 Nh3 56. Rd6 Nf4 57. Kf3 Rg7 58. Rd8 Rf7 59. Ke3 Rf6 60. Kd2 Rf7 61. Bd6 Rf6 62. Bxf4 Kxf4 63. Rxd5 Rc6 64. Rc5 Rd6 65. Rc4 Kf5 66. Kc3 Ke6 67. Rb4 Kd7 68. Kc4 Kc7 69. d5 Rh6 70. Kc5 Rh5 71. Rf4 Rh7 72. d4 Rd7 73. Rf6 Rh7 74. Rf4 Rg7 75. Re4 Rf7 76. Re7+ Rxe7 77. d6+ Kd7 78. dxe7 Kxe7 79. Kb6 Kd6 80. Kxb7 Kd5 81. Kxa6 Kxd4 82. Kb7 1-0


[Site "https://www.chess.com"]

[Event "Titled Tuesday Blitz November 14 Late 2023"]
[White "Bortnyk, Olexandr"]
[Black "Nazari, Arad"]
[WhiteFideId "14120828"]
[BlackFideId "12577324"]
[WhiteElo "3009"]
[BlackElo "2765"]
[Result "0-1"]
[Round "6"]
[TimeControl "180+1"]
[Date "2023.11.14"]
[WhiteClock "0:00:04"]
[BlackClock "0:00:58"]
[Board "10"]

1. e4 c5 2. c3 d5 3. exd5 Qxd5 4. d4 g6 5. Be3 cxd4 6. cxd4 Bg7 7. Nf3 Nc6 8. Nc3 Qa5 9. d5 Ne5 10. Nxe5 Bxe5 11. Bb5+ Kf8 12. Bd4 Bxd4 13. Qxd4 Nf6 14. d6 Qd8 15. d7 Bxd7 16. O-O-O Qc7 17. Bxd7 Rd8 18. Qxa7 Rxd7 19. Rxd7 Nxd7 20. Re1 Nc5 21. Kb1 Kg7 22. Qa3 Rd8 23. g3 e6 24. Nb5 Qb6 25. Qc3+ Kg8 26. Qc4 Nd3 27. Rd1 Nxf2 28. Rxd8+ Qxd8 29. a4 h5 30. Ka2 Ng4 31. h4 Ne3 32. Qc3 Nf5 33. b3 Qb8 34. a5 Nxg3 35. b4 Ne4 36. Qd4 Qh2+ 37. Ka3 Qg3+ 38. Ka4 Qg2 39. Qc4 Kg7 40. Nc7 e5 41. Ne8+ Kf8 42. Qc8 Qa2+ 43. Kb5 Qd5+ 44. Kb6 Qd4+ 45. Kxb7 Qxb4+ 46. Ka6 Nc5+ 47. Ka7 Qxa5+ 48. Kb8 Qb6+ 49. Ka8 Qa6+ 50. Qxa6 Nxa6 51. Nf6 Ke7 0-1


[Site "https://www.chess.com"]